 Dungeon Crawl Stone Soup version 0.16-a0-3394-g83d1dde (console) character file.

27 MarvinPA the Skirmisher (level 2, 0/24 HPs)
             Began as a Demonspawn Fighter on Dec 30, 2014.
             Slain by an adder (4 damage)
             ... on level 2 of the Dungeon.
             The game lasted 00:01:57 (771 turns).

MarvinPA the Skirmisher (Demonspawn Fighter)         Turns: 771, Time: 00:01:57

Health: 0/24       AC:  7    Str: 16    XL:     2   Next: 93%
Magic:  2/2        EV:  6    Int:  9    God:
Gold:   83         SH:  8    Dex: 12    Spells: 0 memorised, 1 level left

rFire  . . .     SeeInvis .     a - +0 trident
rCold  . . .     Clarity  .     b - +0 scale mail
rNeg   . . .     SustAb   .     c - +0 shield
rPois  .         Gourm    .     (no helmet)
rElec  .         Spirit   .     (no cloak)
rCorr  .         Warding  .     (no gloves)
rMut   .         Stasis   .     (no boots)
MR     .....                    (no amulet)
Stlth  ..........               (no ring)
                                (no ring)

@: lethally poisoned, not resistant to hostile enchantments, extremely
unstealthy
A: molten scales 1
a: no special abilities


You were on level 2 of the Dungeon.
You were not hungry.

You visited 1 branch of the dungeon, and saw 2 of its levels.

You collected 83 gold pieces.


Innate Abilities, Weirdness & Mutations

You are partially covered in molten scales (AC +1).


   Skills:
 + Level 3.6 Fighting
 + Level 2.4 Polearms
 - Level 2.6 Armour
 - Level 2.6 Shields


You had one spell level left.
You didn't know any spells.

Inventory:

Hand weapons
 a - a +0 trident (weapon)
Missiles
 q - 17 poisoned needles
Armour
 b - a +0 scale mail (worn)
 c - a +0 shield (worn)
Scrolls
 f - 2 scrolls of enchant weapon {unknown}
 i - 3 scrolls of remove curse {unknown}
 j - 2 scrolls of blinking {unknown}
 k - a scroll of random uselessness {unknown}
 n - a scroll of identify {unknown}
Potions
 e - a potion of might
 g - 2 potions of agility {unknown}
 l - 2 potions of curing {unknown}
 m - a potion of resistance {unknown}
 o - 3 potions of heal wounds {unknown}
 p - a potion of cure mutation {unknown}
 r - a potion of restore abilities {unknown}
 s - a potion of haste {unknown}
Comestibles
 d - a bread ration
 h - 2 chunks of flesh {@w1}

Dungeon Overview and Level Annotations

Branches:
Dungeon (2/15)

Altars:

..# ...# ...# ..# ..# #.###
#...# #S..# #6..# #.###.##
#......# ######..#
#.>.....# ##### #.#####.#
### #...## #.# ##.##
.....### # ##.###.#.##
.......#####.####.....###.#


You could see an adder.


Message History

The adder is lightly wounded.
You block the adder's attack.
You closely miss the adder.
The adder is lightly wounded.
You feel sick. You block the adder's attack. You block the adder's attack.
You barely miss the adder.
The adder is lightly wounded.
The adder completely misses you. The adder bites you but does no damage.
You miss the adder.
The adder is lightly wounded.
You block the adder's attack. The adder bites you but does no damage.
Your shield and scale mail prevent you from hitting the adder.
The adder is lightly wounded.
You feel sick. You block the adder's attack.
You miss the adder.
The adder is lightly wounded.
You block the adder's attack. x2
You closely miss the adder.
The adder is lightly wounded.
The adder bites you but does no damage. The adder bites you.
* * * LOW HITPOINT WARNING * * *
You barely miss the adder.
The adder is lightly wounded.
You feel sick. The adder barely misses you.
You hit the adder.
The adder is moderately wounded.
The adder bites you.
* * * LOW HITPOINT WARNING * * *
The adder bites you.
You die...

Action                   || total
-------------------------++-------
Melee: Trident           ||   110

Vault maps used:
D:1:      dpeg_arrival_connections, serial_glass, glass_columns_a,
          glass_columns_a, glass_columns_c, glass_columns_a, glass_columns_a,
          glass_columns_a, glass_columns_a, glass_columns_a

Notes
Turn   | Place    | Note
--------------------------------------------------------------
     0 | D:1      | MarvinPA, the Demonspawn Fighter, began the quest for the Orb.
     0 | D:1      | Reached XP level 1. HP: 18/18 MP: 1/1
   116 | D:1      | Reached skill level 2 in Polearms
   172 | D:1      | Gained mutation: You are partially covered in molten scales (AC +1). [demonic ancestry]
   172 | D:1      | Reached XP level 2. HP: 22/24 MP: 2/2
   771 | D:2      | Slain by an adder

Vanquished Creatures
  An ooze (D:2)
  2 bats (D:1)
  2 giant cockroaches (D:1)
  4 goblins
  3 hobgoblins
  A giant newt (D:1)
  9 kobolds
  3 rats (D:1)
25 creatures vanquished.
